 Dungeon Crawl Stone Soup version 0.32-a0-419-gb849e8b (webtiles) character file.

Game seed: 18341061383268295910

529 Dorkslayer the Ruffian (level 7, 0/47 HPs)
             Began as an Octopode Fighter on Feb 21, 2024.
             Slain by a phantom (1 damage)
             ... on level 5 of the Dungeon.
             The game lasted 00:09:18 (4367 turns).

Dorkslayer the Ruffian (Octopode Fighter)           Turns: 4367, Time: 00:09:19

Health: 0/47       AC:  1    Str: 18    XL:     7   Next: 23%
Magic:  7/7        EV: 13    Int: 22    God:
Gold:   178        SH:  4    Dex: 11    Spells: 6/6 levels left

rFire   + .          .
                       - Unarmed
rCold   . . .        a - +0 buckler
rNeg    . . .        (helmet restricted)
rPois   .            (no amulet)
rElec   .            n - +6 ring of intelligence
rCorr   .            o - ring of protection from fire
SInv    .            r - +6 ring of intelligence
Will    .....        (no ring)
Stlth   +++          (no ring)
HPRegen 0.27/turn    (no ring)
MPRegen 0.10/turn    (no ring)
                     (no ring)

%: no passive effects
@: lethally poisoned (0 -> -2)
A: almost no armour, amphibious, 8 rings, camouflage 1, gelatinous body 1,
(nimble swimmer 1), tentacles
a: no special abilities


You were on level 5 of the Dungeon.
You visited 1 branch of the dungeon, and saw 5 of its levels.
You also visited: Sewer.

You collected 178 gold pieces.

Inventory:

Hand Weapons
 d - a +0 mace
 m - a +0 war axe
 p - a +2 flail of holy wrath
 q - a +3 trident
Armour
 a - a +0 buckler (worn)
Jewellery
 i - an amulet of faith
 n - a +6 ring of intelligence (left tentacle)
 o - a ring of protection from fire (right tentacle)
 r - a +6 ring of intelligence (on tentacle)
Scrolls
 c - 4 scrolls of amnesia
 f - 4 scrolls of teleportation
 l - a scroll of revelation
Potions
 b - 2 potions of enlightenment
 g - a potion of mutation
 h - a potion of ambrosia {unknown}
 j - a potion of invisibility {unknown}
 k - a potion of haste {unknown}


   Skills:
 + Level 3.6 Fighting
 * Level 2.4 Maces & Flails
 + Level 4.2 Dodging
 + Level 4.3 Stealth
 + Level 3.6 Shields
 + Level 4.6 Unarmed Combat


You had 6 spell levels left.
You didn't know any spells.
Your spell library contained the following spells:

 Spells                   Type           Power      Damage    Failure   Level
 Sting                    Conj/Alch      0%         1d3       22%         1
 Mercury Vapours          Alch/Air       0%         N/A       32%         2
 Hailstorm                Conj/Ice       0%         3d5       54%         3
 Summon Ice Beast         Ice/Summ       0%         N/A       54%         3
 Olgreb's Toxic Radiance  Alch           0%         N/A       91%         4
 Sculpt Simulacrum        Ice/Alch       0%         N/A       100%        6


Dungeon Overview and Level Annotations

Branches:
Dungeon (5/15)              Sewer (visited)
 Temple: D:4-7

Altars:

Annotations:
D:1 1 transporter


Innate Abilities, Weirdness & Mutations

You cannot wear most types of armour.
You are amphibious.
You can wear up to eight rings at the same time.
Your skin changes colour to match your surroundings (Stealth+).
Your rubbery body absorbs attacks. (AC +1, EV +1)
((You are camouflaged when in or above water. (Stealth+)))
You have tentacles for arms and can constrict up to eight enemies at once.


Message History

Things that are here:
a +0 whip; a +0 ring mail
There is a stone staircase leading down here.
You climb downwards.
There is a stone staircase leading up here.
Found 15 gold pieces.
A phantom comes into view.
The killer bee buzzes angrily.
You closely miss the killer bee. Your grab misses the killer bee.
Your squeeze misses the killer bee. The killer bee closely misses you.
The killer bee completely misses you.
You barely miss the killer bee. Your grab misses the killer bee.
Your squeeze misses the killer bee. The killer bee closely misses you. x2
You miss the killer bee. Your grab misses the killer bee.
Your squeeze misses the killer bee. The killer bee barely misses you.
The killer bee stings you!
You are poisoned.
The killer bee poisons you!
You closely miss the killer bee. Your grab misses the killer bee.
You feel sick. The killer bee misses you. You block the killer bee's attack.
You closely miss the killer bee. Your grab misses the killer bee.
You feel sick. The killer bee stings you!
You tentacle-slap the killer bee. Your grab misses the killer bee.
Your squeeze misses the killer bee.
The killer bee is moderately wounded.
You feel sick. The killer bee closely misses you. The killer bee stings you.
The phantom hits you.
You barely miss the killer bee. Your grab misses the killer bee.
Your squeeze misses the killer bee.
The killer bee is moderately wounded.
You feel sick. The killer bee stings you!
* * * LOW HITPOINT WARNING * * *
The killer bee closely misses you. The phantom completely misses you.
You miss the killer bee. Your grab misses the killer bee.
Your squeeze misses the killer bee.
The killer bee is moderately wounded.
You feel sick. The killer bee barely misses you. The killer bee stings you.
* * * LOW HITPOINT WARNING * * *
The phantom hits you.
You die...

## ## .##.# ###
#.#... ##.# #......
###..## .......
##.....###.......
###................
#....<.W......S....
....##...y@.##.......
. #...##.# #......
#......$## ......
.......#. .....
........#.. .....
.[...W...... ....
#.>...#...... ....
###.....# #<.y# #.


You could see a phantom, a killer bee and an adder (wandering).

Vanquished Creatures
  2 kobold brigands (Sewer)
  2 killer bees (D:4)
  3 gnolls (D:4)
  9 adders
  3 river rats
  A dart slug (D:1)
  7 ribbon worms
  11 orcs
  6 ball pythons
  6 endoplasms
  6 giant cockroaches
  4 goblins
  8 hobgoblins
  A jackal (Sewer)
  5 kobolds
  A quokka (D:4)
  5 bats
  A frilled lizard (D:2)
  5 rats
86 creatures vanquished.

Notes
Turn   | Place    | Note
-------+----------+-------------------------------------------
     0 | D:1      | Dorkslayer the Octopode Fighter began the quest for the
                  | Orb.
     0 | D:1      | Reached XP level 1. HP: 16/16 MP: 1/1
   123 | D:1      | Reached XP level 2. HP: 21/21 MP: 2/2
   591 | D:2      | HP: 1/21 [endoplasm (2)]
   741 | D:2      | Reached XP level 3. HP: 23/26 MP: 3/3
   790 | D:2      | Reached skill level 1 in Stealth
  1034 | D:2      | Reached XP level 4. HP: 31/31 MP: 4/4
  1534 | D:2      | Identified the +0 robe of Jigsaw {rN+ Stlth+}
  1957 | D:3      | Reached XP level 5. HP: 31/36 MP: 5/5
  2966 | D:4      | Reached skill level 1 in Maces & Flails
  3002 | D:4      | Found a glowing drain.
  3006 | Sewer    | Entered a sewer
  3011 | Sewer    | Reached XP level 6. HP: 20/42 MP: 6/6
  3172 | Sewer    | Found a glowing silver altar of Zin.
  4128 | D:5      | Entered Level 5 of the Dungeon
  4179 | D:4      | Reached XP level 7. HP: 23/46 MP: 7/7
  4367 | D:5      | HP: 1/47 [killer bee (6)]
  4367 | D:5      | Slain by a phantom

Illustrated notes

Levels and vault maps discovered:
D:1:      spicycebolla_arrival_risky_transporter, layout_loops_cross,
          dreamdust_mushroom_princess
D:2:      layout_basic, amethyst_killhole
D:3:      layout_loops_corners
D:4:      layout_basic, gup_sewer_entry_spiral
D:5:      layout_cave_pools, nicolae_tso_swordbearing_angel, uniq_pikel

Skill      XL: |  1  2  3  4  5  6 |
---------------+-------------------+-----
Stealth        | 1 2 3 4 |  4.3
Unarmed Combat | 3 4 |  4.6
Maces & Flails | 1 2 |  2.4
Dodging        | 4 |  4.2
Fighting       | |  3.6
Shields        | |  3.6

Action                     |  1- 3 |  4- 6 |  7- 9 || total
---------------------------+-------+-------+-------++-------
  Melee: Unarmed           |    53 |   147 |    23 ||   223
         Constrict         |    13 |    37 |     5 ||    55
         Tentacles         |    12 |    29 |     4 ||    45
         Punch             |     1 |     4 |     2 ||     7
    Use: Scroll            |       |     9 |       ||     9
         Potion            |       |     4 |       ||     4
   Stab: Sleeping          |     7 |    13 |       ||    20
 Armour: Skin              |    15 |    70 |    10 ||    95
  Dodge: Dodged            |    20 |   108 |    20 ||   148
  Block: Buckler           |     7 |    31 |     4 ||    42

Table legend: (Time is in decaauts)
 A = Elapsed time spent in this place.
 B = Non-inter-level travel time spent in this place.
 C = Inter-level travel time spent in this place.
 D = Time resting spent in this place.
 E = Time spent auto-exploring this place.
 F = Levels seen in this place.
 G = Mean time per level.
                   A        B        C        D        E       F      G
               +--------+--------+--------+--------+--------+-----+--------+
         Total |   4361 |   4361 |      0 |    225 |   3007 |   6 |  726.8 |
       Dungeon |   4150 |   4150 |      0 |    159 |   2980 |   5 |  830.0 |
         Sewer |    210 |    210 |      0 |     66 |     27 |   1 |  210.0 |
               +--------+--------+--------+--------+--------+-----+--------+

Top non-repeatable levels by time:
     D:4: 1289 daAuts
     D:2: 1288 daAuts
     D:3: 975 daAuts
     D:1: 564 daAuts
   Sewer: 210 daAuts
     D:5: 33 daAuts
